 Seeded DCSS version 0.28-a0-1236-gb25a51b929 (webtiles) character file.

Game seed: 7670440603315191966 (custom seed)

266 oldmanjim the Vexing (level 6, -7/46 (47) HPs)
             Began as a Gnoll Arcane Marksman on Dec 25, 2021.
             Mangled by a lemure (8 damage)
             ... led by Pikel
             ... on level 3 of the Dungeon.
             The game lasted 00:38:01 (5863 turns).

oldmanjim the Vexing (Gnoll Arcane Marksman)        Turns: 5863, Time: 00:38:02

HP:   -7/46 (47)    AC:  6    Str: 11    XL:     6   Next: 20%
MP:   11/11         EV: 13    Int: 12    God:
Gold: 2038          SH:  0    Dex: 13    Spells: 10/11 levels left

rFire   . . .      SeeInvis .   b - +0 lajatang (speed)
rCold   . . .      Faith    .   (shield currently unavailable)
rNeg    . . .      Spirit   .   d - +0 robe
rPois   .          Reflect  .   (no helmet)
rElec   .          Harm     .   m - +0 cloak
rCorr   .          Rampage  .   l - +0 pair of gloves
Will    .....                   g - +1 pair of boots
Stlth   ++........              t - amulet of the acrobat
HPRegen 0.15/turn               (no ring)
MPRegen 0.12/turn               (no ring)

@: lightly drained
A: fangs 1, strong nose, distributed training
a: no special abilities


You were on level 3 of the Dungeon.
You visited 1 branch of the dungeon, and saw 4 of its levels.

You collected 2038 gold pieces.

Inventory:

Hand Weapons
 a - a +0 hand crossbow
 b - a +0 lajatang of speed (weapon)
 r - a +1 dagger of draining
Missiles
 c - 41 bolts
 e - 14 poisoned darts (quivered)
 f - 2 boomerangs
 h - 43 stones
 k - 10 sling bullets
 q - 12 arrows
Armour
 d - a +0 robe (worn)
 g - a +1 pair of boots (worn)
 j - a +0 ring mail
 l - a +0 pair of gloves (worn)
 m - a +0 cloak (worn)
Jewellery
 t - an amulet of the acrobat (around neck)
Wands
 n - a wand of iceblast (12)
Scrolls
 i - 2 scrolls of identify {unknown}
 o - a scroll of vulnerability {unknown}
 p - a scroll of teleportation {unknown}
Potions
 s - 2 potions of curing {unknown}


   Skills:
 + Level 3.2 Fighting
 + Level 1.8 Short Blades
 + Level 1.8 Long Blades
 + Level 1.8 Axes
 + Level 1.8 Maces & Flails
 + Level 1.8 Polearms
 + Level 1.8 Staves
 + Level 1.8 Slings
 + Level 1.8 Bows
 + Level 4.9 Crossbows
 + Level 1.8 Throwing
 + Level 1.8 Armour
 + Level 4.9 Dodging
 + Level 1.8 Stealth
 + Level 1.8 Shields
 + Level 1.8 Unarmed Combat
 + Level 3.3 Spellcasting
 + Level 1.4 Conjurations
 + Level 5.6 Hexes
 + Level 1.4 Summonings
 + Level 1.4 Necromancy
 + Level 1.4 Translocations
 + Level 1.4 Transmutations
 + Level 1.4 Fire Magic
 + Level 1.4 Ice Magic
 + Level 1.4 Air Magic
 + Level 1.4 Earth Magic
 + Level 1.4 Poison Magic
 + Level 2.0 Invocations
 + Level 1.8 Evocations


You had 10 spell levels left.
You knew the following spells:

 Your Spells              Type           Power      Damage    Failure   Level
a - Slow                  Hex            60%        N/A       2%          1

Your spell library contained the following spells:

 Spells                   Type           Power      Damage    Failure   Level
 Animate Skeleton         Necr           10%        N/A       13%         1
 Pain                     Necr           20%        1d5       13%         1
 Inner Flame              Hex/Fire       10%        N/A       17%         3
 Portal Projectile        Hex/Tloc       20%        N/A       17%         3
 Cause Fear               Hex            7%         N/A       22%         4
 Vampiric Draining        Necr           5%         2d6       36%         3
 Petrify                  Tmut/Erth      5%         N/A       78%         4
 Metabolic Englaciation   Hex/Ice        5%         N/A       83%         5
 Statue Form              Tmut/Erth      3%         N/A       100%        6


Dungeon Overview and Level Annotations

Branches:
Dungeon (4/15)
 Temple: D:4-7

Altars:
Yredelemnul

Shops:
D:2 *

Annotations:
D:4 Pikel


Innate Abilities, Weirdness & Mutations

You have very sharp teeth.
Your uncanny sense of smell can sniff out nearby items.
Your experience applies equally to all skills.


Message History

You barely miss the lemure. The lemure hits you. x2
You are too injured to fight recklessly!
You are too injured to fight recklessly!
You are too injured to fight recklessly!
Unknown command.
You are too injured to fight recklessly!
You are too injured to fight recklessly!
You are too injured to fight recklessly!
You barely miss the lemure. You closely miss the lemure. The lemure hits you.
The lemure closely misses you.
You slash the lemure!
The lemure is heavily wounded.
The lemure hits you but does no damage. The lemure hits you.
You closely miss the lemure.
The lemure is heavily wounded.
The lemure barely misses you. The lemure completely misses you.
You barely miss the lemure.
The lemure is heavily wounded.
The lemure barely misses you. The lemure misses you.
You barely miss the lemure.
The lemure is moderately wounded.
The lemure closely misses you. The lemure hits you.
* * * LOW HITPOINT WARNING * * *
You closely miss the lemure. You bite the lemure, but do no damage.
The lemure is moderately wounded.
You closely miss the lemure.
The lemure is moderately wounded.
The lemure hits you.
* * * LOW HITPOINT WARNING * * *
The lemure hits you.
* * * LOW HITPOINT WARNING * * *
You barely miss the lemure.
The lemure is moderately wounded.
The lemure barely misses you. The lemure hits you.
* * * LOW HITPOINT WARNING * * *
You barely miss the lemure.
The lemure is moderately wounded.
The lemure misses you. The lemure hits you!
You die...

#.###.####
#.###.#####
#.........###
##.##.###....
#.##.###....
#...........
#..#........
#######..#.###....
#@5.........##....
#5#####......#....
#.# #........##.
#####.###
##.......##.
#.......#
###.####.♣♣
#.###.#.#
#.###♣..♣
###.###.#.#
##+##.♣.♣.
#.........#
##...♣♣.♣♣♣
#.#.#...#.#
##....♣..♣..


You could see 2 lemures.

Vanquished Creatures
  A water moccasin (D:3)
  An orc wizard (D:3)
  A hound zombie (D:3)
  3 gnolls (D:3)
  An adder (D:2)
  An adder zombie (D:3)
  2 worms (D:2)
  3 dart slugs
  5 orcs
  12 ball pythons
  3 endoplasms (D:2)
  3 giant cockroaches (D:1)
  4 goblins
  3 hobgoblins
  3 jackals (D:1)
  A quokka (D:1)
  2 ball python zombies (D:3)
  5 bats
  3 frilled lizards (D:3)
  7 kobolds
  10 rats
74 creatures vanquished.

Notes
Turn   | Place    | Note
-------+----------+-------------------------------------------
     0 | D:1      | oldmanjim the Gnoll Arcane Marksman began the quest for the
                  | Orb.
     0 | D:1      | Reached XP level 1. HP: 17/17 MP: 4/4
   904 | D:1      | Reached XP level 2. HP: 20/23 MP: 3/5
  1892 | D:1      | Reached XP level 3. HP: 24/28 MP: 7/7
  2774 | D:2      | Reached skill level 1 in Invocations
  2820 | D:2      | Found a faded altar of an unknown god.
  2854 | D:2      | Found Caprim's General Store.
  2954 | D:2      | Reached skill level 1 in Short Blades
  2954 | D:2      | Reached skill level 1 in Long Blades
  2954 | D:2      | Reached skill level 1 in Axes
  2954 | D:2      | Reached skill level 1 in Maces & Flails
  2954 | D:2      | Reached skill level 1 in Polearms
  2954 | D:2      | Reached skill level 1 in Staves
  2954 | D:2      | Reached skill level 1 in Slings
  2954 | D:2      | Reached skill level 1 in Bows
  2954 | D:2      | Reached skill level 1 in Throwing
  2954 | D:2      | Reached skill level 1 in Armour
  2954 | D:2      | Reached skill level 1 in Stealth
  2954 | D:2      | Reached skill level 1 in Shields
  2954 | D:2      | Reached skill level 1 in Unarmed Combat
  2954 | D:2      | Reached skill level 1 in Evocations
  3082 | D:2      | Reached XP level 4. HP: 34/34 MP: 6/8
  3562 | D:3      | Found a basalt altar of Yredelemnul.
  3576 | D:3      | Reached skill level 1 in Conjurations
  3576 | D:3      | Reached skill level 1 in Summonings
  3576 | D:3      | Reached skill level 1 in Necromancy
  3576 | D:3      | Reached skill level 1 in Translocations
  3576 | D:3      | Reached skill level 1 in Transmutations
  3576 | D:3      | Reached skill level 1 in Fire Magic
  3576 | D:3      | Reached skill level 1 in Ice Magic
  3576 | D:3      | Reached skill level 1 in Air Magic
  3576 | D:3      | Reached skill level 1 in Earth Magic
  3576 | D:3      | Reached skill level 1 in Poison Magic
  4394 | D:3      | Noticed a water moccasin
  4772 | D:3      | Upgraded the game from 0.28-a0-1235-g7c8fac35f0 to
                  | 0.28-a0-1236-gb25a51b929
  4923 | D:3      | Reached XP level 5. HP: 34/40 MP: 6/9
  5202 | D:3      | Killed a water moccasin
  5203 | D:3      | Reached XP level 6. HP: 10/47 MP: 9/11
  5810 | D:3      | Identified 3 scrolls of acquirement
  5810 | D:3      | Acquired 831 gold pieces
  5811 | D:3      | Acquired a +0 lajatang of speed
  5812 | D:3      | Acquired 1083 gold pieces
  5844 | D:4      | Noticed Pikel
  5862 | D:3      | HP: 1/46 [lemure[Pikel] (2)]
  5863 | D:3      | Mangled by a lemure

Illustrated notes

Levels and vault maps discovered:
D:1:      minmay_arrival_plants_in_alcoves, layout_loops_corners,
          minmay_misc_feat_roman
D:2:      minmay_general_purpose_star, layout_basic, serial_shops,
          nicolae_shop_window_shopping,
          hellmonk_ecumenical_altar_pennies_from_heaven
D:3:      layout_loops_corners, nicolae_yredelemnul_corpse_copse,
          minmay_strange_pillars
D:4:      layout_basic, enter_ossuary_1, grunt_ministairs_13,
          roderic_serpentine_path, minmay_rat_hole, uniq_pikel,
          uniq_crazy_yiuf_cottage, uniq_ijyb

Skill      XL: |  1  2  3  4  5 |
---------------+----------------+-----
Invocations    | 1 2 |  2.0
Short Blades   | 1 |  1.8
Long Blades    | 1 |  1.8
Axes           | 1 |  1.8
Maces & Flails | 1 |  1.8
Polearms       | 1 |  1.8
Staves         | 1 |  1.8
Slings         | 1 |  1.8
Bows           | 1 |  1.8
Throwing       | 1 |  1.8
Armour         | 1 |  1.8
Stealth        | 1 |  1.8
Shields        | 1 |  1.8
Unarmed Combat | 1 |  1.8
Evocations     | 1 |  1.8
Spellcasting   | 3 |  3.3
Conjurations   | 1 |  1.4
Summonings     | 1 |  1.4
Necromancy     | 1 |  1.4
Translocations | 1 |  1.4
Transmutations | 1 |  1.4
Fire Magic     | 1 |  1.4
Ice Magic      | 1 |  1.4
Air Magic      | 1 |  1.4
Earth Magic    | 1 |  1.4
Poison Magic   | 1 |  1.4
Fighting       | 3 |  3.2
Crossbows      | |  4.9
Dodging        | |  4.9
Hexes          | |  5.6

Action                   |  1- 3 |  4- 6 || total
-------------------------+-------+-------++-------
Melee: Unarmed           |    79 |       ||    79
       Dagger            |   178 |   135 ||   313
       Bite              |    21 |    11 ||    32
       Punch             |     1 |       ||     1
       Lajatang          |       |    17 ||    17
 Fire: Hand crossbow     |     4 |    31 ||    35
Throw: Dart              |    30 |    33 ||    63
 Cast: Slow              |    54 |    50 ||   104
  Use: Scroll            |       |     3 ||     3
 Stab: Sleeping          |     1 |     2 ||     3
Armor: Robe              |    65 |    46 ||   111
Dodge: Dodged            |   150 |    78 ||   228

Table legend: (Time is in decaauts)
 A = Elapsed time spent in this place.
 B = Non-inter-level travel time spent in this place.
 C = Inter-level travel time spent in this place.
 D = Time resting spent in this place.
 E = Time spent auto-exploring this place.
 F = Levels seen in this place.
 G = Mean time per level.
                   A        B        C        D        E       F      G
               +--------+--------+--------+--------+--------+-----+--------+
         Total |   5847 |   5567 |    280 |   1195 |   2696 |   4 | 1461.8 |
       Dungeon |   5847 |   5567 |    280 |   1195 |   2696 |   4 | 1461.8 |
               +--------+--------+--------+--------+--------+-----+--------+

Top non-repeatable levels by time:
     D:1: 2329 daAuts
     D:2: 1772 daAuts
     D:3: 1743 daAuts
     D:4: 1 daAuts
